[ AOE2 MATCH · #479727249 ]
Team RMMongols vs Mongols
[ REPLAY ANALYSIS · EXTRACTED FROM THE RECORDED GAME ]
Feudal
9:11
Castle
14:44
Imperial
34:31
| APM avg | 33.9 |
| APM peak | 77 |
| eAPM avg | 15.7 |
| Villagers / military | 135 / 95 |
Focus
⚔️ 28.0% · 🌾 72.0%
Mangudai ×63 · Scorpion ×26 · Mangonel ×3 · Trebuchet (Packed) ×2 · Monk ×1
Feudal
12:19
Castle
20:06
Imperial
36:16
| APM avg | 25.0 |
| APM peak | 62 |
| eAPM avg | 15.7 |
| Villagers / military | 125 / 207 |
Focus
⚔️ 26.8% · 🌾 73.2%
Spearman ×197 · Unknown (2579) ×124 · Mangonel ×9 · Unknown (2550) ×6 · Battering Ram ×1
Feudal
11:36
Castle
15:14
Imperial
39:58
| APM avg | 53.0 |
| APM peak | 102 |
| eAPM avg | 29.3 |
| Villagers / military | 107 / 152 |
Focus
⚔️ 22.7% · 🌾 77.3%
Scout Cavalry ×80 · Mangudai ×53 · Battering Ram ×10 · Knight ×4 · Petard ×4 · Trebuchet (Packed) ×1
Feudal
8:44
Castle
19:26
Imperial
28:40
| APM avg | 58.2 |
| APM peak | 135 |
| eAPM avg | 38.2 |
| Villagers / military | 157 / 230 |
Focus
⚔️ 47.2% · 🌾 52.8%
Knight ×120 · Scout Cavalry ×41 · Spearman ×31 · Battering Ram ×22 · Trade Cart ×14 · Mangonel ×11
Feudal
11:01
Castle
16:27
Imperial
38:04
| APM avg | 22.9 |
| APM peak | 50 |
| eAPM avg | 14.0 |
| Villagers / military | 107 / 102 |
Focus
⚔️ 33.1% · 🌾 66.9%
Spearman ×58 · Mangonel ×19 · Woad Raider ×12 · Battering Ram ×6 · Monk ×3 · Trebuchet (Packed) ×3
Feudal
12:02
Castle
17:26
Imperial
32:58
| APM avg | 25.2 |
| APM peak | 50 |
| eAPM avg | 14.2 |
| Villagers / military | 150 / 216 |
Focus
⚔️ 18.4% · 🌾 81.6%
Spearman ×146 · Organ Gun ×67 · Trade Cart ×20 · Trebuchet (Packed) ×3
Feudal
10:24
Castle
14:29
Imperial
30:29
| APM avg | 19.5 |
| APM peak | 60 |
| eAPM avg | 12.7 |
| Villagers / military | 147 / 77 |
Focus
⚔️ 21.3% · 🌾 78.7%
War Elephant ×44 · Knight ×21 · Mangonel ×6 · Petard ×3 · Scorpion ×2 · Trebuchet (Packed) ×1
Feudal
10:57
Castle
14:29
Imperial
32:57
| APM avg | 45.4 |
| APM peak | 118 |
| eAPM avg | 23.3 |
| Villagers / military | 200 / 245 |
Focus
⚔️ 27.7% · 🌾 72.3%
Tarkan ×186 · Knight ×39 · Scout Cavalry ×16 · Trebuchet (Packed) ×3 · Monk ×1
Match map
Initial resources + every placement click. Lines = walls · curves = elevation contours. ◆ gold · ⬟ stone · ● berries · ✦ relic · ◌ wall gap
Your base· ✓ Closed at 14:44 · 0t walls · 3 gate(s)
fede_400's base· ✓ Closed at 20:06 · 0t walls · 2 gate(s)
DinaxTer's base· ✓ Closed at 15:14 · 0t walls · 3 gate(s)
Atilafiorito's base· ✓ Closed at 19:26 · 0t walls · 2 gate(s)
FY_Radik's base· ✓ Closed at 16:27 · 0t walls · 2 gate(s)
Dimithrycaeiro's base· ✓ Closed at 17:26 · 0t walls · 2 gate(s)
elgordero's base· ✓ Closed at 14:29 · 0t walls · 2 gate(s)
thomyrron's base· ✓ Closed at 14:29 · 0t walls · 2 gate(s)
Smoothed initial terrain · ◌ = detected wall gap · hover for details
Inputs per minute
— The Real Skull - - fede_400
Build order — The Real Skull
First 150 of 325 actions detected
| 0:00 | Create | Villager (Male) ×4 |
| 0:02 | Build | House |
| 0:04 | Build | House |
| 1:24 | Create | Villager (Male) |
| 1:48 | Create | Villager (Male) |
| 2:25 | Create | Villager (Male) |
| 2:25 | Create | Villager (Male) |
| 2:44 | Build | Lumber Camp |
| 3:11 | Create | Villager (Male) |
| 3:51 | Create | Villager (Male) |
| 3:52 | Create | Villager (Male) |
| 3:56 | Build | House |
| 4:39 | Create | Villager (Male) |
| 4:40 | Create | Villager (Male) |
| 5:34 | Create | Villager (Male) |
| 5:35 | Create | Villager (Male) |
| 6:04 | Build | Mill |
| 6:27 | Create | Villager (Male) |
| 6:33 | Build | Mining Camp |
| 7:01 | Research | Feudal Age |
| 8:14 | Build | House |
| 8:30 | Create | Villager (Male) |
| 8:31 | Create | Villager (Male) |
| 9:06 | Create | Villager (Male) |
| 9:11 | Age | Feudal Age |
| 9:27 | Create | Villager (Male) |
| 10:32 | Create | Villager (Male) |
| 10:43 | Build | Market |
| 10:56 | Research | Loom |
| 11:23 | Build | Blacksmith |
| 12:04 | Research | Castle Age |
| 12:04 | Research | Castle Age |
| 12:15 | Research | Double-Bit Axe |
| 12:37 | Research | Horse Collar |
| 12:39 | Research | Wheelbarrow |
| 14:44 | Age | Castle Age |
| 14:46 | Build | Town Center |
| 15:19 | Build | Farm |
| 15:19 | Build | Farm |
| 15:19 | Build | Farm |
| 15:21 | Build | Farm |
| 15:29 | Create | Villager (Male) |
| 15:30 | Create | Villager (Male) |
| 15:48 | Build | House |
| 15:51 | Build | House |
| 15:57 | Build | Farm |
| 16:13 | Create | Villager (Male) |
| 16:13 | Create | Villager (Male) |
| 16:13 | Create | Villager (Male) |
| 16:21 | Build | Farm |
| 16:23 | Create | Villager (Male) |
| 16:39 | Build | Barracks |
| 16:42 | Build | Farm |
| 17:01 | Create | Villager (Male) |
| 17:06 | Build | Farm |
| 17:13 | Create | Villager (Male) |
| 17:31 | Create | Villager (Male) |
| 17:42 | Build | House |
| 17:45 | Build | House |
| 17:47 | Build | Farm |
| 17:55 | Create | Villager (Male) |
| 17:55 | Create | Villager (Male) |
| 18:02 | Build | Farm |
| 18:03 | Create | Villager (Male) |
| 18:19 | Build | House |
| 18:21 | Build | House |
| 18:26 | Build | Farm |
| 18:29 | Create | Villager (Male) |
| 18:34 | Create | Villager (Male) |
| 18:38 | Build | Farm |
| 18:53 | Build | Stable |
| 18:59 | Build | Farm |
| 19:04 | Create | Villager (Male) |
| 19:04 | Create | Villager (Male) |
| 19:08 | Create | Villager (Male) |
| 19:09 | Create | Villager (Male) |
| 19:09 | Create | Villager (Male) |
| 19:12 | Build | Farm |
| 19:32 | Build | Farm |
| 19:40 | Build | Farm |
| 19:41 | Create | Villager (Male) |
| 19:41 | Create | Villager (Male) |
| 19:45 | Create | Villager (Male) |
| 19:48 | Build | Farm |
| 19:50 | Create | Villager (Male) |
| 19:54 | Build | House |
| 20:13 | Create | Villager (Male) |
| 20:16 | Create | Villager (Male) |
| 20:16 | Create | Villager (Male) |
| 20:24 | Build | Farm |
| 20:36 | Create | Villager (Male) |
| 20:56 | Build | Castle |
| 20:57 | Create | Villager (Male) |
| 20:58 | Create | Villager (Male) |
| 21:04 | Create | Villager (Male) |
| 21:04 | Create | Villager (Male) |
| 21:07 | Create | Villager (Male) |
| 21:21 | Create | Villager (Male) |
| 21:26 | Build | Archery Range |
| 21:30 | Create | Villager (Male) |
| 21:30 | Create | Villager (Male) |
| 21:33 | Create | Villager (Male) |
| 21:41 | Create | Villager (Male) |
| 21:51 | Build | Town Center |
| 21:59 | Research | Bow Saw |
| 22:18 | Research | Heavy Plow |
| 22:27 | Create | Villager (Male) |
| 22:30 | Build | Mining Camp |
| 22:35 | Create | Villager (Male) |
| 22:53 | Research | Gold Mining |
| 23:15 | Build | Monastery |
| 23:17 | Create | Villager (Male) |
| 23:18 | Create | Villager (Male) |
| 23:23 | Build | House |
| 23:24 | Build | House |
| 23:25 | Create | Villager (Male) |
| 23:28 | Create | Villager (Male) |
| 23:37 | Create | Villager (Male) |
| 23:44 | Create | Villager (Male) |
| 23:47 | Build | Farm |
| 23:50 | Create | Villager (Male) |
| 23:51 | Build | Farm |
| 23:52 | Build | Farm |
| 23:52 | Build | Farm |
| 23:59 | Build | Farm |
| 24:00 | Create | Villager (Male) |
| 24:01 | Create | Villager (Male) |
| 24:06 | Create | Villager (Male) |
| 24:11 | Create | Monk |
| 24:15 | Create | Mangudai |
| 24:16 | Create | Mangudai |
| 24:24 | Research | Stone Mining |
| 24:29 | Build | House |
| 24:41 | Create | Mangudai |
| 24:57 | Create | Mangudai |
| 25:02 | Research | Fletching |
| 25:04 | Build | House |
| 25:07 | Build | House |
| 25:08 | Build | House |
| 25:13 | Research | Bloodlines |
| 25:15 | Create | Villager (Male) |
| 25:18 | Research | Husbandry |
| 25:37 | Build | Castle |
| 25:41 | Create | Mangudai |
| 25:59 | Research | Bodkin Arrow |
| 25:59 | Research | Padded Archer Armor |
| 26:13 | Create | Mangudai |
| 27:04 | Create | Mangudai |
| 27:04 | Create | Mangudai |
| 27:04 | Create | Mangudai |
Build order — fede_400
First 150 of 433 actions detected
| 0:05 | Build | House |
| 0:08 | Build | House |
| 0:09 | Create | Villager (Male) |
| 0:09 | Create | Villager (Male) |
| 0:10 | Create | Villager (Male) |
| 0:10 | Create | Villager (Male) |
| 0:10 | Create | Villager (Male) |
| 0:10 | Create | Villager (Male) |
| 0:24 | Build | House |
| 0:25 | Build | House |
| 1:25 | Create | Villager (Male) |
| 1:25 | Create | Villager (Male) |
| 1:25 | Create | Villager (Male) |
| 2:05 | Create | Villager (Male) |
| 2:05 | Create | Villager (Male) |
| 2:22 | Create | Villager (Male) |
| 2:22 | Create | Villager (Male) |
| 2:35 | Create | Villager (Male) |
| 3:08 | Create | Villager (Male) |
| 3:09 | Create | Villager (Male) |
| 3:36 | Create | Villager (Male) |
| 3:46 | Create | Villager (Male) |
| 4:08 | Create | Villager (Male) |
| 4:29 | Create | Villager (Male) |
| 4:49 | Create | Villager (Male) |
| 4:49 | Create | Villager (Male) |
| 5:04 | Create | Villager (Male) |
| 5:04 | Create | Villager (Male) |
| 5:33 | Create | Villager (Male) |
| 5:33 | Create | Villager (Male) |
| 5:55 | Create | Villager (Male) |
| 5:55 | Create | Villager (Male) |
| 6:29 | Create | Villager (Male) |
| 6:29 | Create | Villager (Male) |
| 6:50 | Create | Villager (Male) |
| 6:50 | Create | Villager (Male) |
| 7:04 | Build | Settlement |
| 8:32 | Create | Villager (Male) |
| 8:32 | Create | Villager (Male) |
| 8:58 | Build | Barracks |
| 9:20 | Build | Settlement |
| 9:24 | Research | Feudal Age |
| 9:32 | Build | House |
| 9:49 | Build | House |
| 10:17 | Build | House |
| 12:19 | Age | Feudal Age |
| 12:24 | Build | Watch Tower |
| 12:38 | Build | Market |
| 12:47 | Research | Tech 1402 |
| 12:48 | Create | Unit 2550 |
| 12:48 | Create | Unit 2550 |
| 12:48 | Create | Unit 2550 |
| 12:54 | Create | Villager (Male) |
| 12:55 | Create | Villager (Male) |
| 12:55 | Create | Villager (Male) |
| 13:06 | Build | Blacksmith |
| 13:11 | Build | House |
| 13:12 | Build | House |
| 13:15 | Build | House |
| 13:18 | Create | Villager (Male) |
| 13:18 | Create | Villager (Male) |
| 13:23 | Research | Double-Bit Axe |
| 13:24 | Research | Horse Collar |
| 13:39 | Research | Town Watch |
| 14:02 | Build | House |
| 14:03 | Build | House |
| 14:10 | Build | Farm |
| 14:10 | Build | Farm |
| 14:11 | Build | Farm |
| 14:11 | Build | Farm |
| 14:12 | Build | Farm |
| 14:12 | Build | Farm |
| 14:12 | Build | Farm |
| 14:12 | Build | Farm |
| 14:13 | Build | Farm |
| 14:16 | Build | Farm |
| 14:17 | Build | Farm |
| 14:17 | Build | Farm |
| 14:17 | Build | Farm |
| 14:17 | Build | Farm |
| 14:18 | Build | Farm |
| 14:18 | Build | Farm |
| 14:19 | Build | Farm |
| 14:19 | Build | Farm |
| 14:19 | Build | Farm |
| 14:20 | Build | Farm |
| 14:21 | Build | Farm |
| 14:21 | Build | Farm |
| 14:21 | Build | Farm |
| 14:22 | Build | Farm |
| 14:22 | Build | Farm |
| 14:44 | Build | Farm |
| 14:44 | Build | Farm |
| 14:45 | Build | Farm |
| 14:45 | Build | Farm |
| 14:45 | Build | Farm |
| 14:46 | Build | Farm |
| 14:46 | Build | Farm |
| 14:47 | Build | Farm |
| 14:49 | Build | Farm |
| 14:50 | Build | Farm |
| 15:11 | Build | Farm |
| 15:11 | Build | Farm |
| 15:12 | Build | Farm |
| 15:12 | Build | Farm |
| 15:17 | Build | Farm |
| 15:44 | Build | Farm |
| 16:07 | Build | House |
| 16:08 | Build | House |
| 17:26 | Research | Castle Age |
| 17:26 | Research | Castle Age |
| 17:26 | Research | Castle Age |
| 17:54 | Build | House |
| 17:55 | Build | House |
| 17:57 | Build | House |
| 17:58 | Build | House |
| 17:59 | Build | House |
| 19:40 | Research | Wheelbarrow |
| 20:06 | Age | Castle Age |
| 20:10 | Build | Town Center |
| 20:18 | Build | Siege Workshop |
| 20:20 | Create | Villager (Male) |
| 20:21 | Create | Villager (Male) |
| 20:21 | Create | Villager (Male) |
| 20:21 | Create | Villager (Male) |
| 20:38 | Research | Tech 1351 |
| 20:38 | Create | Unit 2550 |
| 20:39 | Create | Unit 2550 |
| 20:39 | Create | Unit 2550 |
| 20:44 | Build | House |
| 20:45 | Build | House |
| 20:52 | Create | Villager (Male) |
| 20:52 | Create | Villager (Male) |
| 20:52 | Create | Villager (Male) |
| 21:25 | Build | Castle |
| 21:30 | Create | Mangonel |
| 21:30 | Create | Mangonel |
| 21:34 | Create | Villager (Male) |
| 21:34 | Create | Villager (Male) |
| 21:34 | Create | Villager (Male) |
| 22:38 | Create | Villager (Male) |
| 22:38 | Create | Villager (Male) |
| 22:39 | Create | Villager (Male) |
| 22:44 | Build | Farm |
| 22:44 | Build | Farm |
| 22:45 | Build | Farm |
| 22:45 | Build | Farm |
| 22:50 | Create | Villager (Male) |
| 22:50 | Create | Villager (Male) |
| 23:15 | Research | Fletching |
Build order — DinaxTer
First 150 of 416 actions detected
| 0:02 | Build | House |
| 0:03 | Create | Villager (Male) |
| 0:03 | Create | Villager (Male) |
| 0:04 | Build | House |
| 0:04 | Create | Villager (Male) |
| 0:04 | Create | Villager (Male) |
| 0:05 | Create | Villager (Male) |
| 1:12 | Create | Villager (Male) |
| 1:12 | Create | Villager (Male) |
| 1:27 | Research | Loom |
| 1:31 | Research | Loom |
| 1:45 | Build | Lumber Camp |
| 1:51 | Create | Villager (Male) |
| 1:51 | Create | Villager (Male) |
| 2:07 | Create | Villager (Male) |
| 2:07 | Create | Villager (Male) |
| 2:33 | Create | Villager (Male) |
| 3:05 | Create | Villager (Male) |
| 3:27 | Create | Villager (Male) |
| 3:27 | Create | Villager (Male) |
| 3:52 | Build | House |
| 4:12 | Build | Mill |
| 4:26 | Create | Villager (Male) |
| 4:26 | Create | Villager (Male) |
| 4:26 | Create | Villager (Male) |
| 4:29 | Create | Villager (Male) |
| 4:30 | Create | Villager (Male) |
| 4:56 | Build | House |
| 5:37 | Create | Villager (Male) |
| 5:37 | Create | Villager (Male) |
| 5:49 | Create | Villager (Male) |
| 6:37 | Create | Villager (Male) |
| 6:45 | Build | Mill |
| 7:02 | Create | Villager (Male) |
| 7:23 | Create | Villager (Male) |
| 7:46 | Build | House |
| 8:11 | Create | Villager (Male) |
| 8:34 | Create | Villager (Male) |
| 8:34 | Create | Villager (Male) |
| 8:36 | Create | Villager (Male) |
| 8:52 | Build | House |
| 8:59 | Research | Feudal Age |
| 9:04 | Build | Mining Camp |
| 9:53 | Build | Farm |
| 9:57 | Build | Farm |
| 10:00 | Build | Farm |
| 10:09 | Build | Farm |
| 11:15 | Create | Villager (Male) |
| 11:15 | Create | Villager (Male) |
| 11:36 | Age | Feudal Age |
| 11:38 | Build | Market |
| 11:42 | Build | Blacksmith |
| 11:56 | Build | Farm |
| 12:34 | Research | Castle Age |
| 12:37 | Build | Farm |
| 12:37 | Build | Farm |
| 13:02 | Build | Mining Camp |
| 13:27 | Create | Villager (Male) |
| 13:27 | Create | Villager (Male) |
| 13:49 | Research | Double-Bit Axe |
| 14:57 | Build | House |
| 14:58 | Build | House |
| 14:59 | Build | House |
| 14:59 | Build | House |
| 14:59 | Build | House |
| 15:00 | Build | House |
| 15:00 | Build | House |
| 15:14 | Age | Castle Age |
| 15:41 | Create | Villager (Male) |
| 15:52 | Build | Castle |
| 16:00 | Research | Gold Mining |
| 16:02 | Create | Villager (Male) |
| 16:07 | Build | Farm |
| 16:19 | Build | House |
| 16:21 | Build | House |
| 16:21 | Build | House |
| 16:21 | Build | House |
| 16:22 | Build | House |
| 16:40 | Research | Fletching |
| 17:14 | Research | Bodkin Arrow |
| 17:30 | Create | Villager (Male) |
| 17:41 | Create | Villager (Male) |
| 17:46 | Research | Bow Saw |
| 18:06 | Build | House |
| 18:14 | Create | Villager (Male) |
| 18:23 | Build | Mining Camp |
| 18:35 | Create | Mangudai |
| 18:36 | Create | Mangudai |
| 18:41 | Create | Petard |
| 18:44 | Create | Petard |
| 18:44 | Create | Petard |
| 18:46 | Create | Petard |
| 19:04 | Create | Villager (Male) |
| 19:04 | Create | Villager (Male) |
| 19:11 | Build | Farm |
| 19:17 | Create | Mangudai |
| 19:18 | Create | Mangudai |
| 19:26 | Build | House |
| 19:37 | Create | Mangudai |
| 19:43 | Create | Villager (Male) |
| 19:43 | Create | Villager (Male) |
| 19:47 | Build | Farm |
| 20:05 | Build | House |
| 20:08 | Create | Mangudai |
| 20:13 | Create | Mangudai |
| 20:16 | Create | Villager (Male) |
| 20:17 | Create | Villager (Male) |
| 20:37 | Build | House |
| 20:39 | Build | House |
| 20:46 | Build | University |
| 20:49 | Create | Villager (Male) |
| 20:56 | Create | Mangudai |
| 20:56 | Create | Mangudai |
| 21:11 | Create | Villager (Male) |
| 21:40 | Create | Mangudai |
| 21:41 | Create | Mangudai |
| 21:41 | Create | Mangudai |
| 21:41 | Create | Mangudai |
| 21:47 | Create | Villager (Male) |
| 21:48 | Create | Villager (Male) |
| 21:56 | Build | Barracks |
| 22:00 | Create | Mangudai |
| 22:01 | Create | Mangudai |
| 22:18 | Build | Farm |
| 22:19 | Build | Farm |
| 22:28 | Build | Lumber Camp |
| 22:48 | Create | Villager (Male) |
| 23:07 | Build | Stable |
| 23:56 | Create | Mangudai |
| 23:56 | Create | Mangudai |
| 23:56 | Create | Mangudai |
| 24:09 | Build | House |
| 24:11 | Research | Light Cavalry (upgrade) |
| 24:54 | Build | House |
| 24:56 | Research | Bloodlines |
| 25:03 | Create | Mangudai |
| 25:03 | Create | Mangudai |
| 25:03 | Create | Mangudai |
| 25:04 | Create | Mangudai |
| 25:32 | Build | Stable |
| 25:35 | Create | Scout Cavalry |
| 25:35 | Create | Scout Cavalry |
| 25:35 | Create | Scout Cavalry |
| 26:00 | Create | Villager (Male) |
| 26:01 | Create | Villager (Male) |
| 26:02 | Create | Villager (Male) |
| 26:02 | Create | Villager (Male) |
| 26:04 | Create | Mangudai |
| 26:04 | Create | Mangudai |
| 26:05 | Create | Mangudai |
Build order — Atilafiorito
First 150 of 665 actions detected
| 0:01 | Create | Villager (Male) |
| 0:01 | Create | Villager (Male) |
| 0:02 | Create | Villager (Male) |
| 0:04 | Build | House |
| 0:05 | Build | House |
| 0:11 | Create | Villager (Male) |
| 0:11 | Create | Villager (Male) |
| 1:25 | Create | Villager (Male) |
| 1:25 | Create | Villager (Male) |
| 1:49 | Build | Lumber Camp |
| 1:49 | Create | Villager (Male) |
| 1:49 | Create | Villager (Male) |
| 2:25 | Create | Villager (Male) |
| 2:25 | Create | Villager (Male) |
| 2:58 | Create | Villager (Male) |
| 2:59 | Create | Villager (Male) |
| 3:11 | Create | Villager (Male) |
| 3:11 | Create | Villager (Male) |
| 3:41 | Create | Villager (Male) |
| 3:41 | Create | Villager (Male) |
| 3:43 | Create | Villager (Male) |
| 3:54 | Build | House |
| 4:28 | Build | Mill |
| 4:33 | Create | Villager (Male) |
| 4:34 | Create | Villager (Male) |
| 4:45 | Create | Villager (Male) |
| 5:28 | Create | Villager (Male) |
| 6:07 | Research | Loom |
| 6:08 | Research | Loom |
| 6:34 | Research | Feudal Age |
| 6:35 | Research | Feudal Age |
| 8:44 | Age | Feudal Age |
| 8:46 | Build | Town Center |
| 8:48 | Create | Villager (Male) |
| 9:14 | Create | Villager (Male) |
| 9:18 | Build | House |
| 9:21 | Research | Loom |
| 9:40 | Create | Villager (Male) |
| 9:56 | Create | Villager (Male) |
| 10:01 | Research | Double-Bit Axe |
| 10:01 | Research | Double-Bit Axe |
| 10:01 | Research | Horse Collar |
| 10:02 | Research | Horse Collar |
| 10:04 | Create | Villager (Male) |
| 10:08 | Create | Villager (Male) |
| 10:32 | Create | Villager (Male) |
| 10:32 | Create | Villager (Male) |
| 10:32 | Create | Villager (Male) |
| 10:52 | Build | House |
| 10:54 | Build | House |
| 11:00 | Create | Villager (Male) |
| 11:13 | Create | Villager (Male) |
| 11:17 | Build | Farm |
| 11:18 | Create | Villager (Male) |
| 11:21 | Build | Farm |
| 11:23 | Build | Farm |
| 11:24 | Create | Villager (Male) |
| 11:26 | Build | Farm |
| 11:48 | Build | House |
| 11:51 | Build | Farm |
| 11:57 | Build | Farm |
| 12:07 | Create | Villager (Male) |
| 12:07 | Create | Villager (Male) |
| 12:09 | Create | Villager (Male) |
| 12:18 | Build | House |
| 12:33 | Create | Villager (Male) |
| 12:33 | Create | Villager (Male) |
| 12:37 | Build | Farm |
| 12:46 | Create | Villager (Male) |
| 12:46 | Create | Villager (Male) |
| 12:49 | Build | House |
| 12:50 | Create | Villager (Male) |
| 12:54 | Build | Farm |
| 12:57 | Build | Farm |
| 13:00 | Build | Farm |
| 13:07 | Build | Farm |
| 13:08 | Create | Villager (Male) |
| 13:12 | Build | Farm |
| 13:19 | Create | Villager (Male) |
| 13:22 | Build | Blacksmith |
| 13:38 | Create | Villager (Male) |
| 13:41 | Build | Farm |
| 13:44 | Build | Farm |
| 13:45 | Create | Villager (Male) |
| 13:45 | Create | Villager (Male) |
| 13:48 | Build | Farm |
| 13:56 | Create | Villager (Male) |
| 13:59 | Build | Farm |
| 14:03 | Build | Farm |
| 14:22 | Create | Villager (Male) |
| 14:25 | Create | Villager (Male) |
| 14:39 | Create | Villager (Male) |
| 14:41 | Build | Farm |
| 14:42 | Build | Farm |
| 14:44 | Build | Farm |
| 14:45 | Build | Farm |
| 14:47 | Create | Villager (Male) |
| 14:49 | Create | Villager (Male) |
| 15:09 | Build | Market |
| 15:12 | Create | Villager (Male) |
| 15:18 | Create | Villager (Male) |
| 15:29 | Build | Mining Camp |
| 15:42 | Create | Villager (Male) |
| 15:42 | Create | Villager (Male) |
| 15:52 | Create | Villager (Male) |
| 16:08 | Create | Villager (Male) |
| 16:12 | Create | Villager (Male) |
| 16:23 | Build | House |
| 16:46 | Research | Castle Age |
| 16:47 | Research | Castle Age |
| 16:47 | Create | Villager (Male) |
| 16:48 | Create | Villager (Male) |
| 17:01 | Create | Villager (Male) |
| 17:04 | Build | Barracks |
| 17:15 | Create | Villager (Male) |
| 17:16 | Create | Villager (Male) |
| 17:25 | Create | Villager (Male) |
| 17:27 | Build | Farm |
| 17:28 | Create | Villager (Male) |
| 17:30 | Build | Farm |
| 17:31 | Create | Villager (Male) |
| 17:33 | Build | Farm |
| 17:34 | Create | Villager (Male) |
| 17:34 | Create | Villager (Male) |
| 17:36 | Build | Farm |
| 17:41 | Build | Farm |
| 17:42 | Create | Villager (Male) |
| 17:44 | Create | Villager (Male) |
| 17:57 | Create | Villager (Male) |
| 18:01 | Build | Farm |
| 18:02 | Create | Villager (Male) |
| 18:04 | Build | Farm |
| 18:12 | Create | Spearman |
| 18:26 | Create | Villager (Male) |
| 18:29 | Research | Gold Mining |
| 18:29 | Research | Gold Mining |
| 18:39 | Build | Farm |
| 18:58 | Create | Villager (Male) |
| 19:03 | Build | Farm |
| 19:04 | Create | Villager (Male) |
| 19:18 | Research | Wheelbarrow |
| 19:26 | Age | Castle Age |
| 19:26 | Create | Villager (Male) |
| 19:34 | Build | Town Center |
| 19:36 | Create | Villager (Male) |
| 20:00 | Research | Town Watch |
| 20:03 | Create | Villager (Male) |
| 20:08 | Build | Farm |
| 20:09 | Build | Farm |
| 20:13 | Research | Bow Saw |
Build order — FY_Radik
First 150 of 338 actions detected
| 0:02 | Create | Villager (Male) |
| 0:02 | Create | Villager (Male) |
| 0:03 | Create | Villager (Male) |
| 0:03 | Create | Villager (Male) |
| 0:06 | Build | House |
| 0:07 | Build | House |
| 1:01 | Build | Lumber Camp |
| 1:14 | Build | House |
| 1:44 | Create | Villager (Male) |
| 1:44 | Create | Villager (Male) |
| 2:03 | Create | Villager (Male) |
| 2:03 | Create | Villager (Male) |
| 2:36 | Create | Villager (Male) |
| 2:36 | Create | Villager (Male) |
| 2:52 | Research | Loom |
| 3:07 | Create | Villager (Male) |
| 3:07 | Create | Villager (Male) |
| 3:07 | Create | Villager (Male) |
| 3:46 | Create | Villager (Male) |
| 3:46 | Create | Villager (Male) |
| 4:40 | Create | Villager (Male) |
| 4:40 | Create | Villager (Male) |
| 4:40 | Create | Villager (Male) |
| 5:18 | Create | Villager (Male) |
| 5:18 | Create | Villager (Male) |
| 5:19 | Create | Villager (Male) |
| 6:07 | Build | House |
| 6:11 | Create | Villager (Male) |
| 6:12 | Create | Villager (Male) |
| 6:12 | Create | Villager (Male) |
| 6:46 | Build | Mill |
| 7:10 | Create | Villager (Male) |
| 7:10 | Create | Villager (Male) |
| 7:21 | Build | Mining Camp |
| 8:29 | Build | House |
| 8:33 | Build | House |
| 8:41 | Research | Feudal Age |
| 10:07 | Build | Farm |
| 10:08 | Build | Farm |
| 10:10 | Build | Farm |
| 10:23 | Build | Farm |
| 10:26 | Build | Farm |
| 10:58 | Create | Villager (Male) |
| 10:58 | Create | Villager (Male) |
| 10:58 | Create | Villager (Male) |
| 10:58 | Create | Villager (Male) |
| 11:01 | Age | Feudal Age |
| 11:21 | Build | Blacksmith |
| 11:41 | Build | Market |
| 12:38 | Create | Villager (Male) |
| 12:47 | Build | Farm |
| 12:49 | Build | Farm |
| 12:52 | Build | Farm |
| 12:53 | Build | Farm |
| 13:47 | Research | Castle Age |
| 15:32 | Build | Barracks |
| 15:34 | Research | Forging |
| 15:38 | Research | Double-Bit Axe |
| 15:40 | Research | Horse Collar |
| 16:27 | Age | Castle Age |
| 16:31 | Create | Villager (Male) |
| 16:31 | Create | Villager (Male) |
| 16:31 | Create | Villager (Male) |
| 16:31 | Create | Villager (Male) |
| 16:32 | Create | Villager (Male) |
| 16:39 | Build | Monastery |
| 17:26 | Build | Town Center |
| 17:33 | Create | Monk |
| 17:33 | Create | Monk |
| 17:39 | Create | Spearman |
| 17:39 | Create | Spearman |
| 17:48 | Build | House |
| 17:49 | Build | House |
| 18:08 | Research | Bow Saw |
| 18:14 | Create | Spearman |
| 18:40 | Create | Monk |
| 19:09 | Create | Villager (Male) |
| 19:09 | Create | Villager (Male) |
| 19:09 | Create | Villager (Male) |
| 19:10 | Create | Villager (Male) |
| 19:10 | Create | Villager (Male) |
| 19:10 | Create | Villager (Male) |
| 19:53 | Build | Siege Workshop |
| 19:57 | Create | Villager (Male) |
| 19:57 | Create | Villager (Male) |
| 19:57 | Create | Villager (Male) |
| 19:58 | Create | Villager (Male) |
| 19:58 | Create | Villager (Male) |
| 19:58 | Create | Villager (Male) |
| 20:32 | Build | Farm |
| 20:34 | Build | Farm |
| 20:40 | Build | Town Center |
| 20:42 | Create | Villager (Male) |
| 20:43 | Create | Villager (Male) |
| 20:43 | Create | Villager (Male) |
| 20:43 | Create | Villager (Male) |
| 20:43 | Create | Villager (Male) |
| 20:53 | Create | Battering Ram |
| 20:53 | Create | Battering Ram |
| 21:43 | Create | Mangonel |
| 21:49 | Build | House |
| 21:50 | Build | House |
| 21:56 | Build | Farm |
| 21:57 | Build | Farm |
| 21:57 | Build | Farm |
| 21:58 | Build | Farm |
| 22:17 | Build | Farm |
| 22:24 | Build | Farm |
| 22:26 | Create | Villager (Male) |
| 22:27 | Create | Villager (Male) |
| 22:27 | Create | Villager (Male) |
| 22:27 | Create | Villager (Male) |
| 22:27 | Create | Villager (Male) |
| 22:35 | Build | Farm |
| 22:37 | Build | Farm |
| 22:38 | Build | Farm |
| 22:40 | Build | Farm |
| 22:41 | Build | Farm |
| 22:42 | Build | Farm |
| 23:52 | Create | Mangonel |
| 24:47 | Create | Mangonel |
| 25:07 | Create | Mangonel |
| 25:10 | Create | Spearman |
| 25:10 | Create | Spearman |
| 25:10 | Create | Spearman |
| 25:11 | Create | Spearman |
| 25:11 | Create | Spearman |
| 25:11 | Create | Spearman |
| 25:29 | Create | Spearman |
| 25:29 | Create | Spearman |
| 25:30 | Create | Spearman |
| 26:46 | Create | Spearman |
| 26:46 | Create | Spearman |
| 27:20 | Create | Mangonel |
| 27:20 | Create | Mangonel |
| 28:25 | Create | Battering Ram |
| 28:25 | Create | Battering Ram |
| 28:26 | Create | Battering Ram |
| 28:36 | Create | Villager (Male) |
| 28:36 | Create | Villager (Male) |
| 28:37 | Create | Villager (Male) |
| 28:37 | Create | Villager (Male) |
| 28:37 | Create | Villager (Male) |
| 28:37 | Create | Villager (Male) |
| 28:37 | Create | Villager (Male) |
| 28:47 | Build | Farm |
| 28:47 | Build | Farm |
| 28:47 | Build | Farm |
| 28:48 | Build | Farm |
| 28:48 | Build | Farm |
Build order — Dimithrycaeiro
First 150 of 385 actions detected
| 0:04 | Build | House |
| 0:10 | Build | House |
| 0:12 | Build | House |
| 0:13 | Create | Villager (Male) |
| 0:14 | Create | Villager (Male) |
| 0:14 | Create | Villager (Male) |
| 0:14 | Create | Villager (Male) |
| 0:14 | Create | Villager (Male) |
| 1:38 | Create | Villager (Male) |
| 1:39 | Create | Villager (Male) |
| 2:01 | Build | Lumber Camp |
| 2:03 | Create | Villager (Male) |
| 2:04 | Create | Villager (Male) |
| 2:41 | Create | Villager (Male) |
| 2:42 | Create | Villager (Male) |
| 3:05 | Create | Villager (Male) |
| 3:06 | Create | Villager (Male) |
| 3:06 | Create | Villager (Male) |
| 3:38 | Build | House |
| 3:40 | Create | Villager (Male) |
| 3:41 | Create | Villager (Male) |
| 4:06 | Build | Mill |
| 4:26 | Create | Villager (Male) |
| 4:26 | Create | Villager (Male) |
| 5:08 | Create | Villager (Male) |
| 5:08 | Create | Villager (Male) |
| 5:08 | Create | Villager (Male) |
| 5:36 | Create | Villager (Male) |
| 5:37 | Create | Villager (Male) |
| 5:37 | Create | Villager (Male) |
| 6:12 | Create | Villager (Male) |
| 6:13 | Create | Villager (Male) |
| 6:37 | Build | House |
| 6:50 | Create | Villager (Male) |
| 6:54 | Build | Mining Camp |
| 7:11 | Build | House |
| 8:00 | Build | House |
| 8:21 | Create | Villager (Male) |
| 8:21 | Create | Villager (Male) |
| 8:51 | Build | Mining Camp |
| 8:57 | Create | Villager (Male) |
| 9:52 | Research | Feudal Age |
| 11:06 | Build | House |
| 11:08 | Build | House |
| 12:02 | Age | Feudal Age |
| 12:05 | Build | Market |
| 12:16 | Build | Blacksmith |
| 12:22 | Create | Villager (Male) |
| 12:22 | Create | Villager (Male) |
| 12:22 | Create | Villager (Male) |
| 12:23 | Create | Villager (Male) |
| 13:04 | Build | Farm |
| 13:15 | Build | Farm |
| 13:42 | Build | Farm |
| 14:46 | Research | Castle Age |
| 14:48 | Build | Farm |
| 14:51 | Build | Farm |
| 14:53 | Build | Farm |
| 15:03 | Build | Farm |
| 15:06 | Build | Farm |
| 15:11 | Build | Farm |
| 15:31 | Build | Farm |
| 15:36 | Build | Farm |
| 15:58 | Build | House |
| 16:01 | Build | House |
| 16:59 | Research | Double-Bit Axe |
| 17:26 | Age | Castle Age |
| 17:31 | Create | Villager (Male) |
| 17:31 | Create | Villager (Male) |
| 17:31 | Create | Villager (Male) |
| 17:31 | Create | Villager (Male) |
| 17:32 | Create | Villager (Male) |
| 17:32 | Create | Villager (Male) |
| 17:39 | Research | Bow Saw |
| 17:44 | Research | Horse Collar |
| 18:01 | Build | Castle |
| 19:09 | Create | Villager (Male) |
| 19:09 | Create | Villager (Male) |
| 19:09 | Create | Villager (Male) |
| 19:18 | Build | Town Center |
| 19:42 | Build | House |
| 19:45 | Build | House |
| 19:54 | Create | Villager (Male) |
| 19:54 | Create | Villager (Male) |
| 20:35 | Create | Villager (Male) |
| 20:36 | Create | Villager (Male) |
| 20:36 | Create | Villager (Male) |
| 20:36 | Create | Villager (Male) |
| 20:36 | Create | Villager (Male) |
| 20:37 | Create | Villager (Male) |
| 20:53 | Create | Organ Gun ×3 |
| 20:53 | Create | Organ Gun ×3 |
| 21:01 | Build | Farm |
| 21:17 | Build | Farm |
| 21:26 | Build | Farm |
| 21:34 | Build | Farm |
| 21:36 | Create | Villager (Male) |
| 21:37 | Create | Villager (Male) |
| 21:42 | Create | Villager (Male) |
| 21:45 | Build | Farm |
| 21:56 | Create | Villager (Male) |
| 21:59 | Create | Villager (Male) |
| 22:03 | Research | Heavy Plow |
| 22:34 | Build | Gate |
| 22:40 | Create | Organ Gun |
| 22:40 | Create | Organ Gun |
| 22:40 | Create | Organ Gun |
| 22:53 | Build | Farm |
| 22:59 | Create | Villager (Male) |
| 22:59 | Create | Villager (Male) |
| 22:59 | Create | Villager (Male) |
| 23:17 | Build | Farm |
| 23:18 | Build | Farm |
| 23:21 | Create | Villager (Male) |
| 23:22 | Create | Villager (Male) |
| 23:22 | Create | Villager (Male) |
| 23:22 | Create | Villager (Male) |
| 23:47 | Build | Farm |
| 23:49 | Create | Villager (Male) |
| 24:01 | Create | Villager (Male) |
| 24:01 | Create | Villager (Male) |
| 24:02 | Create | Villager (Male) |
| 24:11 | Build | Town Center |
| 24:19 | Create | Villager (Male) |
| 24:32 | Build | House |
| 24:33 | Build | House |
| 24:34 | Build | House |
| 24:35 | Build | House |
| 24:58 | Build | Lumber Camp |
| 25:07 | Create | Villager (Male) |
| 25:15 | Build | Farm |
| 25:20 | Create | Villager (Male) |
| 25:20 | Create | Villager (Male) |
| 25:20 | Create | Villager (Male) |
| 25:20 | Create | Villager (Male) |
| 25:22 | Create | Villager (Male) |
| 25:41 | Build | Barracks |
| 25:47 | Build | Farm |
| 25:52 | Create | Villager (Male) |
| 25:55 | Build | Farm |
| 25:57 | Create | Villager (Male) |
| 26:03 | Research | Gold Mining |
| 26:06 | Research | Stone Mining |
| 26:13 | Build | Farm |
| 26:26 | Build | Farm |
| 26:29 | Build | Farm |
| 26:39 | Build | Farm |
| 26:42 | Create | Villager (Male) |
| 26:42 | Create | Villager (Male) |
| 26:44 | Build | Farm |
Build order — elgordero
First 150 of 420 actions detected
| 0:02 | Create | Villager (Male) |
| 0:03 | Create | Villager (Male) |
| 0:03 | Create | Villager (Male) |
| 0:03 | Create | Villager (Male) |
| 0:03 | Create | Villager (Male) |
| 0:03 | Create | Villager (Male) |
| 0:04 | Create | Villager (Male) |
| 0:08 | Build | House |
| 0:10 | Build | House |
| 1:45 | Create | Villager (Male) |
| 1:45 | Create | Villager (Male) |
| 1:45 | Create | Villager (Male) |
| 1:52 | Build | Lumber Camp |
| 2:07 | Create | Villager (Male) |
| 2:07 | Create | Villager (Male) |
| 2:51 | Create | Villager (Male) |
| 2:53 | Create | Villager (Male) |
| 2:53 | Create | Villager (Male) |
| 2:53 | Create | Villager (Male) |
| 3:16 | Create | Villager (Male) |
| 3:17 | Create | Villager (Male) |
| 3:17 | Create | Villager (Male) |
| 3:17 | Create | Villager (Male) |
| 3:35 | Build | Mill |
| 3:51 | Build | House |
| 3:52 | Build | House |
| 3:57 | Create | Villager (Male) |
| 3:58 | Create | Villager (Male) |
| 4:20 | Create | Villager (Male) |
| 4:20 | Create | Villager (Male) |
| 4:21 | Create | Villager (Male) |
| 4:59 | Create | Villager (Male) |
| 5:00 | Create | Villager (Male) |
| 5:00 | Create | Villager (Male) |
| 5:28 | Create | Villager (Male) |
| 5:28 | Create | Villager (Male) |
| 5:28 | Create | Villager (Male) |
| 5:49 | Create | Villager (Male) |
| 5:49 | Create | Villager (Male) |
| 5:49 | Create | Villager (Male) |
| 5:50 | Create | Villager (Male) |
| 5:50 | Create | Villager (Male) |
| 6:39 | Create | Villager (Male) |
| 6:39 | Create | Villager (Male) |
| 7:55 | Create | Villager (Male) |
| 8:20 | Research | Feudal Age |
| 8:44 | Build | Mining Camp |
| 9:55 | Build | House |
| 9:56 | Build | House |
| 10:24 | Age | Feudal Age |
| 10:24 | Create | Villager (Male) |
| 10:25 | Create | Villager (Male) |
| 10:41 | Build | Market |
| 11:00 | Create | Villager (Male) |
| 11:10 | Build | Blacksmith |
| 11:41 | Create | Villager (Male) |
| 12:03 | Research | Castle Age |
| 12:17 | Build | Mining Camp |
| 12:32 | Build | Barracks |
| 13:12 | Research | Loom |
| 13:17 | Research | Double-Bit Axe |
| 14:29 | Age | Castle Age |
| 14:50 | Create | Villager (Male) |
| 14:51 | Create | Villager (Male) |
| 14:51 | Create | Villager (Male) |
| 15:46 | Build | Castle |
| 15:58 | Create | Villager (Male) |
| 15:59 | Create | Villager (Male) |
| 16:07 | Build | Town Center |
| 16:56 | Build | Mining Camp |
| 17:24 | Build | Farm |
| 17:25 | Build | Farm |
| 17:25 | Build | Farm |
| 17:25 | Build | Farm |
| 17:26 | Build | Farm |
| 17:26 | Build | Farm |
| 17:26 | Build | Farm |
| 17:26 | Build | Farm |
| 17:27 | Build | Farm |
| 17:40 | Create | Villager (Male) |
| 17:40 | Create | Villager (Male) |
| 17:41 | Create | Villager (Male) |
| 17:41 | Create | Villager (Male) |
| 17:41 | Create | Villager (Male) |
| 17:41 | Create | Villager (Male) |
| 17:54 | Build | Farm |
| 18:07 | Build | Farm |
| 18:13 | Create | Villager (Male) |
| 18:13 | Create | Villager (Male) |
| 18:13 | Create | Villager (Male) |
| 18:30 | Build | Farm |
| 19:02 | Create | Petard |
| 19:02 | Create | Petard |
| 19:24 | Create | Villager (Male) |
| 19:24 | Create | Villager (Male) |
| 19:24 | Create | Villager (Male) |
| 19:25 | Create | Villager (Male) |
| 19:25 | Create | Villager (Male) |
| 19:36 | Build | Farm |
| 19:36 | Build | Farm |
| 19:37 | Build | Farm |
| 19:37 | Build | Farm |
| 19:37 | Build | Farm |
| 19:37 | Build | Farm |
| 19:38 | Build | Farm |
| 19:41 | Create | Villager (Male) |
| 19:41 | Create | Villager (Male) |
| 19:41 | Create | Villager (Male) |
| 20:13 | Create | Villager (Male) |
| 20:13 | Create | Villager (Male) |
| 20:23 | Build | Farm |
| 20:23 | Build | Farm |
| 20:23 | Build | Farm |
| 20:24 | Build | Farm |
| 20:24 | Build | Farm |
| 20:24 | Build | Farm |
| 20:25 | Build | Farm |
| 20:45 | Create | Villager (Male) |
| 20:45 | Create | Villager (Male) |
| 20:46 | Create | Villager (Male) |
| 20:46 | Create | Villager (Male) |
| 20:46 | Create | Villager (Male) |
| 20:46 | Create | Villager (Male) |
| 20:47 | Create | Villager (Male) |
| 20:58 | Build | Farm |
| 20:58 | Build | Farm |
| 20:58 | Build | Farm |
| 20:58 | Build | Farm |
| 20:59 | Build | Farm |
| 20:59 | Build | Farm |
| 21:07 | Create | Villager (Male) |
| 21:08 | Create | Villager (Male) |
| 21:08 | Create | Villager (Male) |
| 21:08 | Create | Villager (Male) |
| 22:08 | Create | War Elephant |
| 22:20 | Build | Farm |
| 22:21 | Build | Farm |
| 22:21 | Build | Farm |
| 22:21 | Build | Farm |
| 22:22 | Build | Farm |
| 22:22 | Build | Farm |
| 22:28 | Create | Villager (Male) |
| 22:28 | Create | Villager (Male) |
| 22:28 | Create | Villager (Male) |
| 22:28 | Create | Villager (Male) |
| 22:29 | Create | Villager (Male) |
| 22:59 | Create | Petard |
| 23:27 | Build | Siege Workshop |
| 23:34 | Create | Villager (Male) |
| 23:34 | Create | Villager (Male) |
Build order — thomyrron
First 150 of 455 actions detected
| 0:01 | Create | Villager (Male) |
| 0:02 | Create | Villager (Male) |
| 0:02 | Create | Villager (Male) |
| 0:02 | Create | Villager (Male) |
| 1:40 | Create | Villager (Male) |
| 1:40 | Create | Villager (Male) |
| 1:44 | Build | Lumber Camp |
| 2:00 | Create | Villager (Male) |
| 2:00 | Create | Villager (Male) |
| 2:20 | Create | Villager (Male) |
| 2:20 | Create | Villager (Male) |
| 3:00 | Create | Villager (Male) |
| 3:00 | Create | Villager (Male) |
| 3:42 | Create | Villager (Male) |
| 3:43 | Create | Villager (Male) |
| 3:43 | Create | Villager (Male) |
| 4:06 | Create | Villager (Male) |
| 4:06 | Create | Villager (Male) |
| 4:06 | Create | Villager (Male) |
| 4:18 | Build | Mill |
| 4:49 | Create | Villager (Male) |
| 4:49 | Create | Villager (Male) |
| 5:35 | Create | Villager (Male) |
| 5:36 | Create | Villager (Male) |
| 5:36 | Create | Villager (Male) |
| 5:36 | Create | Villager (Male) |
| 6:27 | Create | Villager (Male) |
| 6:28 | Create | Villager (Male) |
| 7:06 | Create | Villager (Male) |
| 7:07 | Create | Villager (Male) |
| 7:07 | Create | Villager (Male) |
| 7:07 | Create | Villager (Male) |
| 7:44 | Build | Mining Camp |
| 7:46 | Create | Villager (Male) |
| 7:46 | Create | Villager (Male) |
| 8:08 | Create | Villager (Male) |
| 8:09 | Create | Villager (Male) |
| 8:47 | Research | Feudal Age |
| 8:47 | Research | Feudal Age |
| 9:05 | Create | Villager (Male) |
| 9:05 | Create | Villager (Male) |
| 9:17 | Build | Farm |
| 9:21 | Build | Farm |
| 10:41 | Build | Farm |
| 10:57 | Age | Feudal Age |
| 10:59 | Build | Market |
| 11:03 | Build | Blacksmith |
| 11:06 | Build | Farm |
| 11:49 | Research | Castle Age |
| 11:49 | Research | Castle Age |
| 11:49 | Research | Castle Age |
| 11:56 | Build | Farm |
| 12:23 | Build | Farm |
| 12:38 | Research | Loom |
| 12:54 | Research | Double-Bit Axe |
| 12:55 | Research | Double-Bit Axe |
| 14:29 | Age | Castle Age |
| 14:35 | Build | Town Center |
| 14:41 | Build | Town Center |
| 14:51 | Create | Villager (Male) |
| 14:51 | Create | Villager (Male) |
| 14:51 | Create | Villager (Male) |
| 15:24 | Build | Farm |
| 15:54 | Create | Villager (Male) |
| 15:55 | Create | Villager (Male) |
| 15:55 | Create | Villager (Male) |
| 15:55 | Create | Villager (Male) |
| 15:56 | Create | Villager (Male) |
| 16:01 | Create | Villager (Male) |
| 16:01 | Create | Villager (Male) |
| 16:07 | Create | Villager (Male) |
| 16:07 | Create | Villager (Male) |
| 16:07 | Create | Villager (Male) |
| 16:42 | Create | Villager (Male) |
| 16:42 | Create | Villager (Male) |
| 16:43 | Create | Villager (Male) |
| 16:43 | Create | Villager (Male) |
| 16:58 | Build | Town Center |
| 17:02 | Create | Villager (Male) |
| 17:02 | Create | Villager (Male) |
| 17:06 | Build | Farm |
| 17:10 | Build | Farm |
| 17:26 | Create | Villager (Male) |
| 17:26 | Create | Villager (Male) |
| 17:30 | Build | Farm |
| 17:34 | Build | Farm |
| 17:43 | Create | Villager (Male) |
| 17:43 | Create | Villager (Male) |
| 17:44 | Create | Villager (Male) |
| 17:52 | Build | Farm |
| 17:55 | Build | Farm |
| 17:58 | Create | Villager (Male) |
| 17:59 | Create | Villager (Male) |
| 17:59 | Create | Villager (Male) |
| 18:12 | Build | Farm |
| 18:15 | Create | Villager (Male) |
| 18:15 | Create | Villager (Male) |
| 18:15 | Create | Villager (Male) |
| 18:25 | Create | Villager (Male) |
| 18:25 | Create | Villager (Male) |
| 18:31 | Create | Villager (Male) |
| 18:31 | Create | Villager (Male) |
| 18:31 | Create | Villager (Male) |
| 18:32 | Create | Villager (Male) |
| 18:34 | Build | Farm |
| 18:35 | Create | Villager (Male) |
| 18:36 | Create | Villager (Male) |
| 18:36 | Create | Villager (Male) |
| 18:42 | Build | Farm |
| 18:44 | Build | Farm |
| 18:47 | Build | Farm |
| 18:50 | Build | Farm |
| 18:52 | Build | Farm |
| 18:57 | Build | Farm |
| 18:59 | Create | Villager (Male) |
| 18:59 | Create | Villager (Male) |
| 19:00 | Create | Villager (Male) |
| 19:10 | Create | Villager (Male) |
| 19:10 | Create | Villager (Male) |
| 19:10 | Create | Villager (Male) |
| 19:11 | Create | Villager (Male) |
| 19:14 | Build | Farm |
| 19:16 | Create | Villager (Male) |
| 19:16 | Create | Villager (Male) |
| 19:17 | Create | Villager (Male) |
| 19:30 | Create | Villager (Male) |
| 19:30 | Create | Villager (Male) |
| 19:30 | Create | Villager (Male) |
| 19:33 | Build | Barracks |
| 19:37 | Create | Villager (Male) |
| 19:38 | Create | Villager (Male) |
| 19:38 | Create | Villager (Male) |
| 19:40 | Build | Farm |
| 19:41 | Create | Villager (Male) |
| 19:41 | Create | Villager (Male) |
| 19:41 | Create | Villager (Male) |
| 19:53 | Create | Villager (Male) |
| 19:54 | Create | Villager (Male) |
| 19:54 | Create | Villager (Male) |
| 20:01 | Build | Farm |
| 20:03 | Research | Horse Collar |
| 20:04 | Research | Horse Collar |
| 20:04 | Research | Horse Collar |
| 20:09 | Build | Farm |
| 20:16 | Build | Farm |
| 20:21 | Build | Farm |
| 20:22 | Create | Villager (Male) |
| 20:23 | Create | Villager (Male) |
| 20:23 | Create | Villager (Male) |
| 20:23 | Create | Villager (Male) |
Match timeline
| 8:44 | Atilafiorito · age_up feudal |
| 8:58 | fede_400 · first_building Barracks |
| 9:11 | The Real Skull · age_up feudal |
| 10:24 | elgordero · age_up feudal |
| 10:57 | thomyrron · age_up feudal |
| 11:01 | FY_Radik · age_up feudal |
| 11:36 | DinaxTer · age_up feudal |
| 12:02 | Dimithrycaeiro · age_up feudal |
| 12:19 | fede_400 · age_up feudal |
| 12:32 | elgordero · first_building Barracks |
| 14:29 | thomyrron · age_up castle |
| 14:29 | elgordero · age_up castle |
| 14:44 | The Real Skull · age_up castle |
| 15:09 | elgordero · first_market_buy 100 stone |
| 15:12 | The Real Skull · first_market_buy 100 food |
| 15:14 | DinaxTer · age_up castle |
| 15:14 | elgordero · first_market_sell 100 wood |
| 15:26 | DinaxTer · first_market_sell 100 wood |
| 15:28 | DinaxTer · first_market_buy 100 stone |
| 15:32 | FY_Radik · first_building Barracks |
| 15:46 | elgordero · first_building Castle |
| 15:52 | DinaxTer · first_building Castle |
| 16:17 | fede_400 · first_market_buy 100 food |
| 16:20 | fede_400 · first_market_sell 100 wood |
| 16:27 | FY_Radik · age_up castle |
| 16:28 | Atilafiorito · first_market_sell 100 wood |
| 16:38 | Atilafiorito · first_market_buy 100 food |
| 16:39 | The Real Skull · first_building Barracks |
| 16:39 | FY_Radik · first_building Monastery |
| 17:04 | Atilafiorito · first_building Barracks |
| 17:26 | Dimithrycaeiro · age_up castle |
| 18:01 | Dimithrycaeiro · first_building Castle |
| 18:29 | thomyrron · first_market_buy 100 food |
| 18:53 | The Real Skull · first_building Stable |
| 19:26 | Atilafiorito · age_up castle |
| 19:33 | thomyrron · first_building Barracks |
| 19:53 | FY_Radik · first_building Siege Workshop |
| 20:06 | fede_400 · age_up castle |
| 20:18 | fede_400 · first_building Siege Workshop |
| 20:34 | Atilafiorito · first_building Stable |
| 20:56 | The Real Skull · first_building Castle |
| 20:56 | thomyrron · first_building Stable |
| 21:25 | fede_400 · first_building Castle |
| 21:26 | The Real Skull · first_building Archery Range |
| 21:56 | DinaxTer · first_building Barracks |
| 21:58 | Atilafiorito · first_building Monastery |
| 23:07 | DinaxTer · first_building Stable |
| 23:15 | The Real Skull · first_building Monastery |
| 23:27 | elgordero · first_building Siege Workshop |
| 25:41 | Dimithrycaeiro · first_building Barracks |
| 26:20 | Atilafiorito · first_building Castle |
| 27:13 | DinaxTer · first_building Siege Workshop |
| 27:47 | thomyrron · first_building Castle |
| 27:58 | The Real Skull · wall_segment Stone Wall x2 |
| 28:40 | Atilafiorito · age_up imperial |
| 29:41 | FY_Radik · first_building Castle |
| 30:02 | thomyrron · first_building Monastery |
| 30:29 | elgordero · age_up imperial |
| 32:57 | thomyrron · age_up imperial |
| 32:58 | Dimithrycaeiro · age_up imperial |
| 33:33 | Dimithrycaeiro · wall_segment Stone Wall x13 |
| 33:55 | Dimithrycaeiro · first_market_sell 500 wood |
| 34:26 | Atilafiorito · first_building Siege Workshop |
| 34:31 | The Real Skull · age_up imperial |
| 35:08 | DinaxTer · wall_segment Stone Wall x14 |
| 35:32 | Dimithrycaeiro · wall_segment Stone Wall x10 |
| 36:15 | DinaxTer · wall_segment Stone Wall x7 |
| 36:16 | fede_400 · age_up imperial |
| 37:53 | thomyrron · first_market_sell 500 wood |
| 38:04 | FY_Radik · age_up imperial |
| 38:15 | DinaxTer · wall_segment Stone Wall x1 |
| 38:59 | Dimithrycaeiro · wall_segment Stone Wall x7 |
| 39:06 | Dimithrycaeiro · wall_segment Stone Wall x8 |
| 39:16 | elgordero · first_building Stable |
| 39:58 | DinaxTer · age_up imperial |
| 40:46 | elgordero · wall_segment Stone Wall x3 |
| 40:47 | thomyrron · first_building Archery Range |
| 41:34 | DinaxTer · wall_segment Stone Wall x4 |
| 41:52 | FY_Radik · wall_segment Stone Wall x1 |
| 42:50 | elgordero · wall_segment Stone Wall x1 |
| 43:07 | elgordero · wall_segment Stone Wall x1 |
| 43:33 | The Real Skull · first_building Siege Workshop |
| 43:38 | FY_Radik · first_market_buy 100 wood |
| 48:46 | FY_Radik · resign |
[ AI ANALYSIS · 1 CREDIT ]
What really happened in this match?
Wolo.gg analyzes every decision: build order, eco, micro, common mistakes by bracket. Personalized analysis on WhatsApp or Discord in 30 seconds.
Civ guide
Mongols
Map guide
Arena
Perfil
Jugador #5794346